[ AOE2 MATCH · #504969238 ]
UnrankedBerbers vs Malay
Player's team · LOSS
Rival team · WIN
[ REPLAY ANALYSIS · EXTRACTED FROM THE RECORDED GAME ]
Feudal
11:20
Castle
22:19
Imperial
—
| APM avg | 53.2 |
| APM peak | 91 |
| eAPM avg | 34.9 |
| Villagers / military | 167 / 300 |
Focus
⚔️ 44.9% · 🌾 55.1%
Genitour ×144 · Cavalry Archer ×67 · Archer ×44 · Knight ×19 · Skirmisher ×8 · Monk ×5
Feudal
8:50
Castle
21:56
Imperial
45:33
| APM avg | 45.5 |
| APM peak | 106 |
| eAPM avg | 26.6 |
| Villagers / military | 179 / 200 |
Focus
⚔️ 36.2% · 🌾 63.8%
Skirmisher ×97 · Archer ×68 · Karambit Warrior ×16 · Battle Elephant ×7 · Militia ×4 · Battering Ram ×4
Match map
Initial resources + every placement click. Lines = walls · curves = elevation contours. ◆ gold · ⬟ stone · ● berries · ✦ relic · ◌ wall gap
Your base· ✓ Closed at 22:19 · 17t walls · 1 gate(s)
Molle's base· Open — 4t gap
Smoothed initial terrain · ◌ = detected wall gap · hover for details
Inputs per minute
— [DGLOS] DyouDi - - Molle
Build order — [DGLOS] DyouDi
First 150 of 665 actions detected
| 0:00 | Create | Villager (Male) |
| 0:00 | Create | Villager (Male) |
| 0:01 | Create | Villager (Male) |
| 0:02 | Build | House |
| 0:02 | Build | House |
| 0:05 | Create | Villager (Male) |
| 0:05 | Create | Villager (Male) |
| 1:25 | Create | Villager (Male) |
| 1:25 | Create | Villager (Male) |
| 2:02 | Create | Villager (Male) |
| 2:02 | Create | Villager (Male) |
| 2:09 | Create | Villager (Male) |
| 2:09 | Create | Villager (Male) |
| 2:11 | Build | Lumber Camp |
| 2:50 | Create | Villager (Male) |
| 2:50 | Create | Villager (Male) |
| 3:19 | Create | Villager (Male) |
| 3:19 | Create | Villager (Male) |
| 3:39 | Build | House |
| 3:39 | Build | House |
| 4:32 | Create | Villager (Male) |
| 4:32 | Create | Villager (Male) |
| 4:33 | Create | Villager (Male) |
| 5:00 | Create | Villager (Male) |
| 5:00 | Create | Villager (Male) |
| 5:06 | Create | Villager (Male) |
| 5:06 | Create | Villager (Male) |
| 5:19 | Build | Barracks |
| 5:23 | Create | Villager (Male) |
| 5:23 | Create | Villager (Male) |
| 6:01 | Build | House |
| 6:05 | Create | Villager (Male) |
| 6:12 | Create | Militia |
| 6:13 | Create | Militia |
| 6:17 | Create | Militia |
| 6:17 | Create | Militia |
| 6:31 | Build | Mining Camp |
| 6:35 | Create | Militia |
| 6:38 | Create | Villager (Male) |
| 6:38 | Create | Villager (Male) |
| 7:44 | Create | Villager (Male) |
| 7:59 | Build | House |
| 8:05 | Build | Mill |
| 8:08 | Create | Villager (Male) |
| 8:08 | Create | Villager (Male) |
| 8:27 | Research | Loom |
| 8:35 | Build | House |
| 8:50 | Research | Feudal Age |
| 8:50 | Research | Feudal Age |
| 9:30 | Build | Palisade Wall |
| 9:43 | Create | Villager (Male) |
| 9:47 | Build | Palisade Wall |
| 9:51 | Build | Palisade Wall |
| 9:52 | Build | Palisade Wall |
| 9:53 | Build | Palisade Wall |
| 9:55 | Build | Palisade Wall |
| 10:00 | Build | Palisade Wall |
| 10:02 | Build | Palisade Wall |
| 10:03 | Build | Palisade Wall |
| 10:12 | Build | Palisade Wall |
| 10:26 | Build | Palisade Wall |
| 10:30 | Build | Palisade Wall |
| 11:15 | Build | House |
| 11:18 | Build | House |
| 11:20 | Age | Feudal Age |
| 11:25 | Build | Archery Range |
| 11:28 | Build | Watch Tower |
| 11:29 | Create | Villager (Male) |
| 11:34 | Research | Double-Bit Axe |
| 11:35 | Research | Double-Bit Axe |
| 11:35 | Research | Double-Bit Axe |
| 12:05 | Create | Villager (Male) |
| 12:09 | Research | Horse Collar |
| 12:13 | Build | Palisade Gate |
| 12:27 | Create | Archer |
| 12:27 | Create | Archer |
| 12:29 | Create | Villager (Male) |
| 12:36 | Build | Palisade Wall |
| 12:40 | Create | Villager (Male) |
| 12:49 | Create | Villager (Male) |
| 12:54 | Build | Blacksmith |
| 13:14 | Create | Archer |
| 13:25 | Create | Villager (Male) |
| 13:31 | Build | Archery Range |
| 13:36 | Research | Fletching |
| 13:36 | Research | Fletching |
| 13:38 | Research | Padded Archer Armor |
| 13:44 | Create | Archer |
| 13:46 | Create | Archer |
| 13:47 | Create | Villager (Male) |
| 13:53 | Create | Archer |
| 13:55 | Create | Villager (Male) |
| 14:24 | Create | Archer |
| 14:24 | Create | Villager (Male) |
| 14:26 | Build | Farm |
| 14:26 | Build | Farm |
| 14:26 | Build | Farm |
| 14:34 | Build | Farm |
| 14:36 | Build | Farm |
| 14:47 | Create | Villager (Male) |
| 14:52 | Build | Farm |
| 14:54 | Create | Archer |
| 14:57 | Create | Archer |
| 14:59 | Create | Villager (Male) |
| 15:13 | Build | Farm |
| 15:15 | Create | Archer |
| 15:23 | Build | House |
| 15:24 | Build | House |
| 15:30 | Create | Archer |
| 15:35 | Create | Archer |
| 15:46 | Create | Archer |
| 15:50 | Create | Villager (Male) |
| 16:02 | Build | House |
| 16:22 | Create | Archer |
| 16:22 | Create | Villager (Male) |
| 16:25 | Build | Farm |
| 16:39 | Create | Archer |
| 16:41 | Create | Archer |
| 16:43 | Build | House |
| 16:45 | Create | Archer |
| 16:45 | Create | Villager (Male) |
| 16:47 | Build | Farm |
| 16:48 | Build | Farm |
| 17:07 | Build | Mill |
| 17:09 | Create | Archer |
| 17:09 | Create | Archer |
| 17:21 | Create | Villager (Male) |
| 17:24 | Build | Farm |
| 17:25 | Build | Farm |
| 17:35 | Build | Lumber Camp |
| 17:38 | Create | Archer |
| 17:48 | Create | Villager (Male) |
| 17:56 | Create | Archer |
| 18:14 | Create | Archer |
| 18:47 | Create | Villager (Male) |
| 18:48 | Create | Villager (Male) |
| 18:55 | Build | Market |
| 19:03 | Create | Archer |
| 19:16 | Build | Mining Camp |
| 19:19 | Create | Archer |
| 19:23 | Research | Gold Mining |
| 19:28 | Create | Villager (Male) |
| 19:39 | Research | Castle Age |
| 19:39 | Research | Castle Age |
| 19:53 | Create | Archer |
| 20:37 | Create | Archer |
| 20:52 | Create | Archer |
| 20:52 | Create | Villager (Male) |
| 21:04 | Build | Archery Range |
| 21:09 | Build | Stable |
Build order — Molle
First 150 of 567 actions detected
| 0:01 | Create | Villager (Male) |
| 0:01 | Create | Villager (Male) |
| 0:01 | Create | Villager (Male) |
| 0:02 | Build | House |
| 0:04 | Build | House |
| 0:07 | Create | Villager (Male) |
| 1:32 | Create | Villager (Male) |
| 1:47 | Build | Lumber Camp |
| 1:55 | Create | Villager (Male) |
| 2:30 | Create | Villager (Male) |
| 2:54 | Create | Villager (Male) |
| 3:10 | Create | Villager (Male) |
| 3:40 | Create | Villager (Male) |
| 3:51 | Build | House |
| 3:55 | Create | Villager (Male) |
| 4:15 | Create | Villager (Male) |
| 4:21 | Build | House |
| 4:43 | Build | House |
| 4:54 | Create | Villager (Male) |
| 5:18 | Build | Mill |
| 5:27 | Create | Villager (Male) |
| 5:27 | Create | Villager (Male) |
| 6:08 | Create | Villager (Male) |
| 6:35 | Create | Villager (Male) |
| 6:42 | Build | Barracks |
| 7:07 | Research | Loom |
| 7:26 | Research | Feudal Age |
| 7:26 | Research | Feudal Age |
| 7:43 | Create | Militia |
| 7:48 | Build | Mining Camp |
| 8:00 | Create | Militia |
| 8:32 | Create | Militia |
| 8:32 | Create | Militia |
| 8:35 | Create | Villager (Male) |
| 8:37 | Create | Villager (Male) |
| 8:50 | Age | Feudal Age |
| 9:28 | Create | Villager (Male) |
| 9:38 | Create | Villager (Male) |
| 9:39 | Create | Villager (Male) |
| 9:41 | Build | Farm |
| 9:42 | Build | Farm |
| 9:43 | Build | Farm |
| 9:44 | Build | Farm |
| 10:00 | Create | Villager (Male) |
| 10:03 | Build | Archery Range |
| 10:13 | Research | Double-Bit Axe |
| 10:26 | Create | Villager (Male) |
| 10:45 | Build | House |
| 10:56 | Create | Villager (Male) |
| 11:12 | Build | House |
| 11:14 | Create | Archer |
| 11:15 | Create | Villager (Male) |
| 11:20 | Build | Farm |
| 11:22 | Build | Farm |
| 11:25 | Build | Farm |
| 11:30 | Create | Villager (Male) |
| 11:48 | Create | Villager (Male) |
| 11:57 | Create | Villager (Male) |
| 12:06 | Build | Blacksmith |
| 12:07 | Create | Archer |
| 12:35 | Build | Watch Tower |
| 12:41 | Create | Archer |
| 12:41 | Create | Villager (Male) |
| 12:48 | Build | House |
| 12:51 | Create | Villager (Male) |
| 12:57 | Build | Farm |
| 13:03 | Research | Fletching |
| 13:04 | Research | Fletching |
| 13:14 | Create | Villager (Male) |
| 13:28 | Create | Villager (Male) |
| 13:29 | Create | Skirmisher |
| 13:31 | Create | Villager (Male) |
| 14:07 | Build | Watch Tower |
| 14:15 | Build | Watch Tower |
| 14:18 | Create | Villager (Male) |
| 14:19 | Create | Archer |
| 14:19 | Create | Villager (Male) |
| 14:23 | Build | House |
| 14:25 | Build | House |
| 14:25 | Create | Villager (Male) |
| 14:39 | Create | Villager (Male) |
| 14:47 | Create | Archer |
| 14:47 | Create | Villager (Male) |
| 14:50 | Build | Mining Camp |
| 14:51 | Create | Villager (Male) |
| 14:55 | Build | Outpost |
| 15:05 | Build | Palisade Wall |
| 15:06 | Build | Palisade Wall |
| 15:06 | Build | Palisade Wall |
| 15:07 | Build | Palisade Wall |
| 15:07 | Build | Palisade Wall |
| 15:08 | Build | Palisade Wall |
| 15:15 | Create | Skirmisher |
| 15:16 | Create | Villager (Male) |
| 15:19 | Create | Villager (Male) |
| 15:22 | Create | Villager (Male) |
| 15:24 | Build | Farm |
| 15:34 | Create | Skirmisher |
| 16:00 | Build | House |
| 16:19 | Create | Skirmisher |
| 16:20 | Create | Villager (Male) |
| 16:39 | Create | Archer |
| 16:48 | Build | Stable |
| 16:54 | Create | Villager (Male) |
| 16:58 | Build | Mill |
| 16:59 | Create | Villager (Male) |
| 17:01 | Create | Villager (Male) |
| 17:06 | Build | Stone Wall |
| 17:07 | Build | Stone Wall |
| 17:11 | Create | Villager (Male) |
| 17:13 | Create | Villager (Male) |
| 17:16 | Build | Farm |
| 17:18 | Build | Farm |
| 17:19 | Create | Villager (Male) |
| 17:29 | Research | Padded Archer Armor |
| 17:32 | Create | Skirmisher |
| 17:37 | Build | House |
| 17:45 | Build | Farm |
| 17:45 | Build | Farm |
| 18:05 | Build | House |
| 18:13 | Build | Farm |
| 18:28 | Create | Villager (Male) |
| 18:56 | Build | Outpost |
| 18:58 | Build | Outpost |
| 19:00 | Research | Town Watch |
| 19:07 | Build | Farm |
| 19:08 | Build | Farm |
| 19:27 | Create | Skirmisher |
| 19:32 | Build | Watch Tower |
| 19:43 | Build | Watch Tower |
| 19:46 | Build | House |
| 19:47 | Build | House |
| 19:48 | Build | House |
| 19:55 | Create | Villager (Male) |
| 19:58 | Create | Villager (Male) |
| 20:02 | Build | Farm |
| 20:15 | Research | Castle Age |
| 20:34 | Create | Skirmisher |
| 20:34 | Create | Villager (Male) |
| 20:37 | Build | Archery Range |
| 20:45 | Build | Watch Tower |
| 20:52 | Build | Palisade Wall |
| 20:59 | Build | Mining Camp |
| 21:06 | Build | Outpost |
| 21:11 | Create | Skirmisher |
| 21:18 | Build | Farm |
| 21:20 | Research | Horse Collar |
| 21:29 | Create | Skirmisher |
| 21:43 | Create | Skirmisher |
| 21:48 | Create | Skirmisher |
Match timeline
| 5:19 | [DGLOS] DyouDi · first_building Barracks |
| 6:42 | Molle · first_building Barracks |
| 8:50 | Molle · age_up feudal |
| 9:30 | [DGLOS] DyouDi · wall_segment Palisade Wall x1 |
| 9:47 | [DGLOS] DyouDi · wall_segment Palisade Wall x1 |
| 9:51 | [DGLOS] DyouDi · wall_segment Palisade Wall x2 |
| 9:52 | [DGLOS] DyouDi · wall_segment Palisade Wall x1 |
| 9:53 | [DGLOS] DyouDi · wall_segment Palisade Wall x1 |
| 9:55 | [DGLOS] DyouDi · wall_segment Palisade Wall x3 |
| 10:00 | [DGLOS] DyouDi · wall_segment Palisade Wall x1 |
| 10:02 | [DGLOS] DyouDi · wall_segment Palisade Wall x3 |
| 10:03 | Molle · first_building Archery Range |
| 10:03 | [DGLOS] DyouDi · wall_segment Palisade Wall x1 |
| 10:12 | [DGLOS] DyouDi · wall_segment Palisade Wall x1 |
| 10:26 | [DGLOS] DyouDi · wall_segment Palisade Wall x1 |
| 10:30 | [DGLOS] DyouDi · wall_segment Palisade Wall x1 |
| 11:20 | [DGLOS] DyouDi · age_up feudal |
| 11:25 | [DGLOS] DyouDi · first_building Archery Range |
| 12:36 | [DGLOS] DyouDi · wall_segment Palisade Wall x1 |
| 15:05 | Molle · wall_segment Palisade Wall x3 |
| 15:06 | Molle · wall_segment Palisade Wall x2 |
| 15:06 | Molle · wall_segment Palisade Wall x2 |
| 15:07 | Molle · wall_segment Palisade Wall x1 |
| 15:07 | Molle · wall_segment Palisade Wall x1 |
| 15:08 | Molle · wall_segment Palisade Wall x1 |
| 16:48 | Molle · first_building Stable |
| 17:06 | Molle · wall_segment Stone Wall x5 |
| 17:07 | Molle · wall_segment Stone Wall x17 |
| 19:39 | [DGLOS] DyouDi · first_market_sell 100 wood |
| 20:52 | Molle · wall_segment Palisade Wall x1 |
| 21:09 | [DGLOS] DyouDi · first_building Stable |
| 21:56 | Molle · age_up castle |
| 22:19 | [DGLOS] DyouDi · age_up castle |
| 24:21 | [DGLOS] DyouDi · first_building Monastery |
| 24:54 | [DGLOS] DyouDi · first_building Siege Workshop |
| 28:23 | Molle · first_building Monastery |
| 29:11 | Molle · first_market_buy 100 food |
| 30:03 | [DGLOS] DyouDi · first_building Castle |
| 30:32 | Molle · first_building Castle |
| 30:54 | [DGLOS] DyouDi · wall_segment Palisade Wall x1 |
| 30:57 | [DGLOS] DyouDi · wall_segment Palisade Wall x1 |
| 31:12 | [DGLOS] DyouDi · first_market_buy 100 food |
| 32:25 | Molle · first_market_sell 500 wood |
| 35:31 | Molle · first_building Siege Workshop |
| 43:20 | Molle · wall_segment Stone Wall x14 |
| 43:25 | Molle · wall_segment Stone Wall x22 |
| 44:48 | Molle · wall_segment Stone Wall x11 |
| 45:33 | Molle · age_up imperial |
| 48:39 | Molle · wall_segment Stone Wall x3 |
| 51:26 | [DGLOS] DyouDi · resign |
[ AI ANALYSIS · 1 CREDIT ]
What really happened in this match?
Wolo.gg analyzes every decision: build order, eco, micro, common mistakes by bracket. Personalized analysis on WhatsApp or Discord in 30 seconds.
Civ guide
Berbers
Perfil
Jugador #626567